 Dungeon Crawl Stone Soup version 0.28.0-53-g5a82cb258f (webtiles) character file.

Game seed: 2722681206883731554

135520 Zeld the Slayer (level 16, -2/174 HPs)
             Began as a Minotaur Berserker on June 3, 2022.
             Was the Champion of Trog.
             Killed from afar by Aizul (9 damage)
             ... with a bolt of poison
             ... on level 2 of the Snake Pit.
             The game lasted 00:39:08 (36324 turns).

Zeld the Slayer (Minotaur Berserker)               Turns: 36324, Time: 00:39:08

Health: -2/174     AC: 20    Str: 35    XL:     16   Next: 64%
Magic:  6/15       EV: 18    Int:  4    God:    Trog [******]
Gold:   327        SH:  0    Dex: 13    Spells: 15/15 levels left

rFire   . . .      SeeInvis .   a - +6 war axe of Understanding {vorpal, rC++ rCorr Str-2}
rCold   + + .      Faith    .   (no shield)
rNeg    . . .      Spirit   .   G - +1 acid dragon scales "Daudappogim" {rCorr Str+7 Dex+3 Stlth+}
rPois   .          Reflect  .   (helmet restricted)
rElec   .          Harm     .   s - +0 cloak
rCorr   +          Rampage  +   L - +2 pair of gloves {infuse}
Will    +++..      Clarity  +   P - +0 pair of boots {rampage}
Stlth   ++........              I - amulet of regeneration
HPRegen 2.19/turn               v - ring of flight
MPRegen 0.14/turn               (no ring)

@: lethally poisoned (-2 -> -13), strong-willed, flying, regenerating, studying
Maces & Flails
A: horns 2, retaliatory headbutt, iridescent scales 1, clarity
a: Renounce Religion, Berserk, Trog's Hand, Brothers in Arms


You were on level 2 of the Snake Pit.
You worshipped Trog.
Trog was exalted by your worship.
You visited 5 branches of the dungeon, and saw 26 of its levels.
You also visited: Sewer, Bailey, Gauntlet and Volcano.

You collected 3857 gold pieces.
You spent 3530 gold pieces at shops.

Inventory:

Hand Weapons
 a - the +6 war axe of Understanding (weapon) {vorpal, rC++ rCorr Str-2}
   (You acquired it on level 10 of the Dungeon)

   It inflicts extra damage upon your enemies.
   Str:       It affects your strength (-2).
   rC:        It greatly protects you from cold.
   rCorr:     It protects you from acid and corrosion.
 b - the +9 halberd of Nusiopru {drain, rPois SInv}
   (You found it on level 10 of the Dungeon)

   A truly terrible weapon, it drains the life of any living foe it strikes.
   rPois:     It protects you from poison.
   SInv:      It lets you see invisible.
 h - a +5 broad axe of flaming
 J - the +10 dark maul {vorpal}
   (You bought it in a shop on level 12 of the Dungeon)

   It inflicts extra damage upon your enemies.
 V - the +8 spear "Demonbane" {freeze, rF+ rC+ Dex+3}
   (You took it off a minotaur in a Gauntlet)

   It freezes those it strikes, dealing additional cold damage.
   It can also slow down cold-blooded creatures.
   Dex:       It affects your dexterity (+3).
   rF:        It protects you from fire.
   rC:        It protects you from cold.
Armour
 d - a +5 kite shield of protection
 m - a +0 plate armour
 s - a +0 cloak (worn)
 G - the +1 acid dragon scales "Daudappogim" (worn) {rCorr Str+7 Dex+3 Stlth+}
   (You took it off a spriggan in a bailey)

   Str:       It affects your strength (+7).
   Dex:       It affects your dexterity (+3).
   rCorr:     It protects you from acid and corrosion.
   Stlth:     It makes you more stealthy.
 L - a +2 pair of gloves of infusion (worn)
 P - a +0 pair of boots of rampaging (worn)
 T - the +2 cloak "Molaraen" {rElec rF+}
   (You found it in a Gauntlet)

   rF:        It protects you from fire.
   rElec:     It insulates you from electricity.
Jewellery
 v - a ring of flight (left hand)
 I - an amulet of regeneration (around neck)
 S - a ring of protection from fire
Wands
 q - a wand of paralysis (25)
 r - a wand of flame (43)
 B - a wand of charming (22)
 E - a wand of iceblast (2)
 H - a wand of mindburst (23)
 R - a wand of acid (7)
 X - a wand of polymorph (7)
Scrolls
 f - 4 scrolls of magic mapping
 j - 6 scrolls of teleportation
 n - 2 scrolls of brand weapon
 t - 3 scrolls of identify
 w - 9 scrolls of fog
 y - 2 scrolls of silence
 z - 3 scrolls of summoning
 F - 8 scrolls of fear
 O - 2 scrolls of enchant weapon
 U - a scroll of holy word
 W - 3 scrolls of enchant armour
Potions
 c - 3 potions of might
 e - a potion of ambrosia
 g - 7 potions of curing
 i - 2 potions of resistance
 k - 3 potions of flight
 l - 3 potions of magic
 o - 4 potions of invisibility
 p - 8 potions of mutation
 u - 4 potions of cancellation
 x - 6 potions of haste
 A - 2 potions of berserk rage
 D - 3 potions of heal wounds {unknown}
 M - 5 potions of brilliance {unknown}
 N - 4 potions of attraction {unknown}
Miscellaneous
 C - a piece from Xom's chessboard (15/15)
 K - a phial of floods
 Q - a lightning rod (4/4)


   Skills:
 * Level 24.1 Fighting
 - Level 18.0(18.3) Axes
 + Level 6.3(13.3) Maces & Flails
 + Level 16.0 Armour
 + Level 14.8 Dodging


You had 15 spell levels left.
You didn't know any spells.
Your spell library was empty.

Dungeon Overview and Level Annotations

Branches:
Dungeon (15/15)            Temple (1/1) D:5            Lair (6/6) D:8
 Shoals (0/4) Lair:2        Snake (2/4) Lair:3        Slime (0/5) Lair:6
    Orc (2/2) D:10            Elf (0/3) Orc:2        Vaults (0/5) D:14
 Depths (0/4) D:15          Sewer (visited)          Bailey (visited)
Volcano (visited)         Gauntlet (visited)

Altars:
Ashenzari
Cheibriados
Dithmenos
Elyvilon
Fedhas
Gozag
Hepliaklqana
Kikubaaqudgha
Makhleb
Nemelex Xobeh
Okawaru
Qazlal
Ru
Sif Muna
Trog
Uskayaw
Vehumet
Wu Jian
Xom
Yredelemnul
Zin
The Shining One
Jiyva

Shops:
D:6 **   D:10 [   D:12 (*   Orc:1 *   Orc:2 ?([[(

Annotations:
Snake:2 Aizul


Innate Abilities, Weirdness & Mutations

You have a pair of horns on your head.
You reflexively headbutt those who attack you in melee.
You are partially covered in iridescent scales. (AC +2)
You possess an exceptional clarity of mind.


Message History

You carve Aizul like a ham!!!
Aizul is almost dead.
You feel very sick. Aizul barely misses you. You furiously retaliate!
You headbutt Aizul, but do no damage.
You feel very sick.
Aizul coils herself and waves her upper body at you.
The bolt of poison misses you.
You miss Aizul. Your headbutt misses Aizul.
Aizul is almost dead.
You feel sick. Aizul casts a spell at you. The bolt of poison hits you!!
You are more poisoned.
* * * LOW HITPOINT WARNING * * *
Okay, then.
Blink to where?
Press: ? - help, Dir - move target
As you read the scroll of blinking, it crumbles to dust.
* * * LOW HITPOINT WARNING * * *
You feel extremely sick.
You feel better.
Your skin crawls.
You feel strong-willed.
Aizul coils herself and waves her upper body at you.
The poison arrow hits you!
You are poisoned.
* * * LOW HITPOINT WARNING * * *
You feel very sick.
You feel very sick.
You feel very sick.
Aizul coils herself and waves her upper body at you.
The bolt of poison misses you.
You feel sick.
You feel very sick.
You feel sick. Aizul casts a spell at you. The bolt of poison hits you!
You are lethally poisoned!
You die...

....................##.
....................#.###
..........†.......#.....###
..................#.......#
...........................
.......##..................
......# #..................
.....# ##.......[.........
....# ###@.)............
... ##................
#.....#S..........
#......#..........#
.........####S......##
<.......## #........##
........####.........#
........##............
......................


You could see Aizul.

Vanquished Creatures
  Rupert (Orc:2)
  Gastronok (Lair:1)
  Kirke (D:15)
  An orc warlord (Orc:2)
  Louise (D:14)
  A minotaur (Gauntlet)
  A dire elephant (Lair:6)
  The ghost of issech the Spear-Bearer, a journeyman MiMo of Hepliaklqana (D:11)
  2 fire dragons
  Snorg (D:11)
  4 naga warriors
  Josephine (D:14)
  A salamander tyrant (Snake:1)
  Harold (D:11)
  Fannar (D:10)
  5 vault guards (D:14)
  6 hydras
  Erica (Lair:2)
  4 ogre magi (Orc:2)
  An ice dragon (D:15)
  2 anacondas (Snake:1)
  9 centaur warriors
  2 catoblepae
  6 boulder beetles
  A deep troll shaman (Lair:6)
  13 death yaks
  4 tengu warriors
  21 two-headed ogres
  3 naga sharpshooters
  A shock serpent (Snake:1)
  A soul eater (Gauntlet)
  Sonja (Lair:2)
  A salamander mystic (Snake:1)
  3 skeletal warriors (D:15)
  2 wizards (Gauntlet)
  2 deep elf archers
  2 orc knights
  An obsidian statue (Gauntlet)
  An oklob plant (Lair:6)
  8 deep elf pyromancers
  4 ugly things (D:11)
  5 orc sorcerers
  4 manticores
  8 elephants (Lair:6)
  2 mana vipers
  2 salamanders (Snake:1)
  5 cyclopes
  13 black mambas
  2 guardian serpents (Snake:1)
  2 centaur zombies (D:11)
  The ghost of safid the Cleaver, a novice HOFi of Beogh (D:5)
  9 naga magi
  2 unseen horrors
  2 gargoyles (D:12)
  14 cane toads
  3 kobold demonologists
  A freezing wraith (D:15)
  3 komodo dragons
  3 efreet
  A yaktaur (D:14)
  A komodo dragon (shapeshifter) (D:13)
  3 meliai (D:14)
  3 polar bears
  A hornet (Lair:5)
  6 trolls
  A queen bee (shapeshifter) (D:10)
  17 blink frogs
  A centaur simulacrum (D:10)
  4 spriggans (Bailey)
  5 shadows
  A vampire (D:12)
  Eustachio (D:6)
  3 basilisks
  3 hogs (D:15)
  3 wyverns
  6 wraiths (D:14)
  43 yaks
  6 fire elementals
  A steam dragon (D:9)
  14 vampire mosquitoes
  Grum (D:11)
  2 neqoxecs (D:11)
  3 wargs (Orc:2)
  3 acid dragons
  21 nagas
  9 water moccasins
  10 hell hounds
  2 ice beasts
  22 orc warriors
  Pargi (Sewer)
  A black bear (Lair:6)
  A hornet zombie (D:8)
  2 sky beasts
  30 ogres
  A necrophage (D:6)
  17 centaurs
  37 wolves
  A phantom (D:7)
  A kobold brigand (D:7)
  A bullfrog (shapeshifter) (D:11)
  14 bullfrogs
  A scorpion (D:4)
  A gnoll sergeant (D:11)
  2 water moccasin zombies (D:5)
  A wyvern skeleton (D:6)
  5 killer bees (D:9)
  10 wights
  7 howler monkeys
  8 electric eels (D:8)
  A bullfrog zombie (D:5)
  2 jellies
  2 hounds (D:6)
  11 orc priests
  3 bullfrog skeletons
  A centaur skeleton (D:5)
  18 orc wizards
  3 iguanas
  4 hell rats (Lair:6)
  A mummy (D:6)
  A howler monkey zombie (D:4)
  3 gnolls (D:11)
  7 adders
  4 shadow imps
  3 white imps
  An ufetubus (D:2)
  An adder skeleton (D:4)
  2 worms (D:4)
  A dart slug (D:4)
  63 orcs
  9 ball pythons
  5 endoplasms
  3 giant cockroaches
  A giant cockroach (shapeshifter) (D:11)
  9 hobgoblins
  6 jackals (D:3)
  9 kobolds
  2 quokkas
  A bat (D:2)
  4 frilled lizards (Sewer)
  6 goblins
  8 rats
739 creatures vanquished.

Vanquished Creatures (others)
  A human (D:15)
  An orc (D:8)
  A bush (Lair:6)
  17 fungi
  68 plants
88 creatures vanquished.

Grand Total: 827 creatures vanquished

Notes
Turn   | Place    | Note
-------+----------+-------------------------------------------
     0 | D:1      | Zeld the Minotaur Berserker began the quest for the Orb.
     0 | D:1      | Reached XP level 1. HP: 19/19 MP: 0/0
   468 | D:1      | Found a faded altar of an unknown god.
   726 | D:1      | Reached XP level 2. HP: 12/27 MP: 1/1
  1051 | D:1      | You fall into a shaft and drop 1 floor!
  1076 | D:2      | Reached skill level 4 in Fighting
  1868 | D:2      | Reached XP level 3. HP: 32/33 MP: 2/2
  2397 | D:3      | Found an opulent altar of Gozag.
  2418 | D:3      | Reached XP level 4. HP: 41/41 MP: 3/3
  2602 | D:3      | Reached ** piety under Trog
  3230 | D:4      | Noticed a scorpion
  3236 | D:4      | Killed a scorpion
  3237 | D:4      | Reached skill level 5 in Fighting
  3237 | D:4      | Reached skill level 5 in Axes
  3237 | D:4      | Reached XP level 5. HP: 48/48 MP: 4/4
  3451 | D:4      | Found a glowing drain.
  3472 | Sewer    | Entered a sewer
  3616 | Sewer    | Noticed Pargi
  3627 | Sewer    | Killed Pargi
  3628 | Sewer    | Reached XP level 6. HP: 32/57 MP: 5/5
  4472 | D:5      | Entered Level 5 of the Dungeon
  4476 | D:5      | Noticed a sky beast
  4495 | D:5      | Killed a sky beast
  4496 | D:5      | Reached skill level 6 in Fighting
  4745 | D:5      | Reached XP level 7. HP: 59/63 MP: 6/6
  4936 | D:5      | Found a large runed translucent door.
  4936 | D:5      | Found a large runed translucent door.
  4938 | D:5      | Noticed safid's ghost (novice HOFi)
  5049 | D:5      | Found a staircase to the Ecumenical Temple.
  5061 | Temple   | Entered the Ecumenical Temple
  5360 | D:5      | Found a shimmering blue altar of Sif Muna.
  5656 | D:6      | Found a snail-covered altar of Cheibriados.
  5756 | D:6      | Noticed Eustachio
  5767 | D:6      | Killed Eustachio
  5768 | D:6      | Reached skill level 7 in Fighting
  5819 | D:6      | Reached skill level 5 in Armour
  5819 | D:6      | Reached XP level 8. HP: 56/73 MP: 7/7
  5982 | D:6      | Found a stormy altar of Qazlal.
  6017 | D:6      | HP: 2/73 [wyvern skeleton (8)]
  6537 | D:6      | Found Weimibusan's General Store.
  6539 | D:6      | Found Zoblingu's Specific Store.
  6547 | D:6      | Bought a scroll of enchant armour for 82 gold pieces
  6547 | D:6      | Bought a wand of flame (9) for 60 gold pieces
  6547 | D:6      | Bought a wand of charming (4) for 66 gold pieces
  6627 | D:6      | Found a shimmering altar of Xom.
  6720 | D:6      | Reached skill level 8 in Fighting
  6720 | D:6      | Reached skill level 5 in Dodging
  7172 | D:7      | Found a blossoming altar of Fedhas.
  7819 | D:7      | Found a glowing silver altar of Zin.
  7819 | D:7      | Noticed an angel
  7907 | D:7      | Reached *** piety under Trog
  8037 | D:7      | Found a hide-covered altar of Uskayaw.
  8108 | D:7      | Noticed a kobold demonologist
  8121 | D:7      | Killed a kobold demonologist
  8122 | D:7      | Reached skill level 9 in Fighting
  8122 | D:7      | Reached XP level 9. HP: 78/83 MP: 8/8
  8333 | D:8      | Found a flagged portal.
  8342 | Bailey   | Entered a bailey
  8500 | Bailey   | Identified the +1 acid dragon scales "Daudappogim" {rCorr
                  | Str+7 Dex+3 Stlth+}
  8563 | Bailey   | Reached skill level 10 in Axes
  8616 | Bailey   | Reached skill level 10 in Fighting
  8717 | Bailey   | Noticed a two-headed ogre
  8726 | Bailey   | Killed a two-headed ogre
  8727 | Bailey   | Reached XP level 10. HP: 29/94 MP: 9/9
 11208 | D:8      | Found a staircase to the Lair.
 11226 | D:8      | Reached skill level 11 in Fighting
 12477 | D:9      | Reached **** piety under Trog
 12606 | D:9      | Found a glowing golden altar of the Shining One.
 12606 | D:9      | Found a sparkling altar of Nemelex Xobeh.
 12732 | D:9      | Identified 3 scrolls of acquirement
 12738 | D:9      | Acquired 330 gold pieces
 12742 | D:9      | Acquired 881 gold pieces
 12746 | D:9      | Acquired a manual of Fighting
 12775 | D:10     | Entered Level 10 of the Dungeon
 12804 | D:10     | Noticed a boulder beetle
 12806 | D:10     | Noticed a centaur warrior
 12806 | D:10     | Noticed a tengu warrior
 12806 | D:10     | Noticed a cyclops
 12852 | D:10     | Killed a tengu warrior
 12853 | D:10     | Reached skill level 12 in Fighting
 13012 | D:9      | Killed a boulder beetle
 13347 | D:10     | Killed a cyclops
 13348 | D:10     | Reached XP level 11. HP: 72/106 MP: 10/10
 13396 | D:10     | Reached skill level 13 in Fighting
 13645 | D:10     | Noticed a tengu warrior
 13658 | D:10     | Killed a tengu warrior
 13685 | D:10     | Identified the +9 halberd of Nusiopru {drain, rPois SInv}
 13731 | D:10     | Killed a centaur warrior
 13745 | D:10     | Found a staircase to the Orcish Mines.
 13915 | D:10     | Noticed Fannar
 13927 | D:10     | Killed Fannar
 13928 | D:10     | Reached skill level 14 in Fighting
 14052 | D:10     | Found Dodghaha's Armour Shop.
 14083 | D:10     | Bought a +1 pair of gloves of infusion for 198 gold pieces
 14192 | D:10     | Found a broken altar of Ashenzari.
 14347 | D:10     | Acquired the +6 war axe of Understanding {vorpal, rC++
                  | rCorr Str-2}
 14446 | D:11     | Noticed Grum
 14571 | D:11     | Killed Grum
 14641 | D:11     | Noticed Harold
 14652 | D:11     | Killed Harold
 15073 | D:11     | Noticed a two-headed ogre
 15081 | D:11     | Killed a two-headed ogre
 15117 | D:11     | Noticed a boulder beetle
 15117 | D:11     | Noticed a two-headed ogre
 15117 | D:11     | Noticed a boulder beetle
 15117 | D:11     | Noticed a tengu warrior
 15133 | D:11     | Killed a boulder beetle
 15134 | D:11     | Reached skill level 15 in Fighting
 15137 | D:11     | Killed a two-headed ogre
 15204 | D:11     | Reached XP level 12. HP: 77/122 MP: 0/11
 15214 | D:11     | Killed a tengu warrior
 15215 | D:11     | Reached skill level 16 in Fighting
 15215 | D:11     | Reached skill level 10 in Armour
 15491 | D:11     | Noticed Snorg
 15506 | D:11     | Killed Snorg
 15680 | D:11     | Killed a boulder beetle
 15809 | D:11     | Found a runed translucent gate.
 15809 | D:11     | Found a runed translucent gate.
 15810 | D:11     | Found a runed translucent gate.
 16184 | D:12     | Noticed a six-headed hydra
 16198 | D:12     | Found Remoese's Blood Bar.
 16208 | D:12     | Reached skill level 17 in Fighting
 16335 | D:12     | Noticed a fire dragon
 16351 | D:12     | Killed a fire dragon
 16598 | D:11     | Reached skill level 15 in Axes
 16607 | D:11     | Reached skill level 10 in Dodging
 16698 | D:11     | Found a runed translucent gate.
 16698 | D:11     | Found a runed translucent gate.
 16703 | D:11     | Found a runed translucent gate.
 16703 | D:11     | Noticed issech's ghost (journeyman MiMo)
 16892 | D:5      | Killed safid's ghost
 17039 | Lair:1   | Entered Level 1 of the Lair of Beasts
 17296 | Lair:1   | Noticed Gastronok
 17313 | Lair:1   | Killed Gastronok
 17314 | Lair:1   | Reached skill level 18 in Fighting
 17941 | Lair:2   | Reached XP level 13. HP: 111/136 MP: 7/12
 17974 | Lair:2   | Found a dark tunnel.
 17984 | Volcano  | Entered a volcano
 18018 | Volcano  | Reached ***** piety under Trog
 18741 | Volcano  | Reached skill level 19 in Fighting
 19128 | Lair:2   | Found a staircase to the Shoals.
 19364 | Lair:2   | Noticed Sonja
 19378 | Lair:2   | Killed Sonja
 19520 | Lair:2   | You fall into a shaft and drop 2 floors!
 19530 | Lair:4   | Received a gift from Trog
 20274 | Lair:2   | Acquired a +0 broad axe of flaming
 20360 | Lair:2   | Noticed Erica
 20368 | Lair:2   | Killed Erica
 20769 | Lair:3   | Found a staircase to the Snake Pit.
 20983 | Lair:3   | Reached skill level 20 in Fighting
 21639 | Snake:1  | Entered Level 1 of the Snake Pit
 22806 | Lair:5   | Reached XP level 14. HP: 149/149 MP: 9/13
 22952 | Lair:5   | Identified the +3 leather armour of the Realm of Zot {Harm
                  | Fly Int+4}
 23075 | Lair:6   | Entered Level 6 of the Lair of Beasts
 23309 | Lair:6   | Received a gift from Trog
 23655 | Lair:6   | Found a staircase to the Slime Pits.
 23657 | Lair:6   | Found a viscous altar of Jiyva.
 23771 | Lair:6   | Reached skill level 21 in Fighting
 25508 | D:11     | Killed issech's ghost
 25532 | D:11     | Gained mutation: You occasionally shout uncontrollably at
                  | your foes. [mutagenic glow]
 26008 | D:12     | Found Nogeb's Antique Weapon Emporium.
 26016 | D:12     | Bought the +10 dark maul {vorpal} for 1800 gold pieces
 26016 | D:12     | Found the +10 dark maul {vorpal}
 26159 | D:12     | Reached ****** piety under Trog
 26464 | D:12     | Lost mutation: You occasionally shout uncontrollably at
                  | your foes. [potion of mutation]
 26464 | D:12     | Gained mutation: You have hidden genetic potential. [potion
                  | of mutation]
 26464 | D:12     | Gained mutation: Your muscles are strong. (Str +2) [potion
                  | of mutation]
 26464 | D:12     | Gained mutation: You have a pair of large horns on your
                  | head. [potion of mutation]
 27150 | D:12     | Identified the +0 robe of the Saviour {Dex+3}
 27206 | D:13     | Reached XP level 15. HP: 160/160 MP: 12/14
 27983 | D:14     | Identified the +4 mace of the Lost Allies {flame, Dex+4}
 28011 | D:14     | Found a gate leading to a gauntlet.
 28019 | D:14     | Reached skill level 22 in Fighting
 28022 | Gauntlet | Entered a Gauntlet
 28022 | Gauntlet | Found a transporter.
 28086 | Gauntlet | Found a transporter.
 28090 | Gauntlet | Found a transporter.
 28101 | Gauntlet | Found a transporter.
 28102 | Gauntlet | Found a transporter.
 28106 | Gauntlet | Found a runed translucent door.
 28107 | Gauntlet | Found a runed translucent door.
 28110 | Gauntlet | Found a transporter.
 28114 | Gauntlet | Found a transporter.
 28122 | Gauntlet | Found a transporter.
 28126 | Gauntlet | Found a transporter.
 28130 | Gauntlet | Found a runed translucent door.
 28132 | Gauntlet | Found a runed translucent door.
 28134 | Gauntlet | Found a transporter.
 28164 | Gauntlet | Found a transporter.
 28176 | Gauntlet | Found a transporter.
 28188 | Gauntlet | Found a transporter.
 28200 | Gauntlet | Found a transporter.
 29328 | Gauntlet | Identified the +2 cloak "Molaraen" {rElec rF+}
 29551 | Gauntlet | Identified the +8 spear "Demonbane" {freeze, rF+ rC+ Dex+3}
 30264 | D:14     | Found a shadowy altar of Dithmenos.
 30524 | D:14     | Noticed Josephine
 30529 | D:14     | Killed Josephine
 30609 | D:14     | Received a gift from Trog
 30720 | D:14     | Paralysed by an orc sorcerer for 7 turns
 30732 | D:14     | Found a gate to the Vaults.
 30873 | D:14     | Noticed Louise
 30889 | D:14     | Killed Louise
 31021 | D:15     | Entered Level 15 of the Dungeon
 31325 | D:15     | Noticed Kirke
 31330 | D:15     | Killed Kirke
 31540 | D:14     | Gained mutation: You are partially covered in iridescent
                  | scales. (AC +2) [hidden potential]
 31864 | D:15     | Found a staircase to the Depths.
 32312 | Orc:1    | Entered Level 1 of the Orcish Mines
 32602 | Orc:1    | Found Mxoutonu's Merry Market.
 32609 | Orc:1    | Bought a manual of Maces & Flails for 800 gold pieces
 32609 | Orc:1    | Bought a potion of magic for 80 gold pieces
 32888 | Orc:2    | Entered Level 2 of the Orcish Mines
 32888 | Orc:2    | Found Maihym Ymaeb's Magic Scroll Shoppe.
 32892 | Orc:2    | Bought a scroll of enchant weapon for 90 gold pieces
 32892 | Orc:2    | Bought a scroll of enchant armour for 90 gold pieces
 33014 | Orc:2    | Found a staircase to the Elven Halls.
 33024 | Orc:2    | Reached skill level 15 in Armour
 33025 | Orc:2    | Reached skill level 23 in Fighting
 33032 | Orc:2    | Received a gift from Trog
 33157 | Orc:2    | Reached XP level 16. HP: 172/172 MP: 7/15
 33182 | Orc:2    | Found Ruesy's Weapon Shop.
 33182 | Orc:2    | Found Filifeek's Armour Shoppe.
 33188 | Orc:2    | Found Uliduan's Armour Shoppe.
 33188 | Orc:2    | Found Vyvaqi's Antique Weapon Boutique.
 33811 | Orc:2    | Noticed Rupert
 33827 | Orc:2    | Killed Rupert
 33828 | Orc:2    | Reached skill level 1 in Maces & Flails
 34323 | Orc:2    | Bought a scroll of magic mapping for 42 gold pieces
 34323 | Orc:2    | Bought 2 scrolls of identify for 48 gold pieces
 34323 | Orc:2    | Bought a scroll of identify for 24 gold pieces
 34366 | Orc:1    | Bought a wand of mindburst (3) for 70 gold pieces
 34366 | Orc:1    | Bought 2 potions of might for 80 gold pieces
 34580 | Snake:1  | Received a gift from Trog
 34639 | Snake:1  | HP: 2/172 [shock serpent/bolt of electricity (13)]
 35316 | Snake:1  | Reached skill level 5 in Maces & Flails
 35747 | Snake:1  | Reached skill level 24 in Fighting
 35757 | Snake:1  | Gained mutation: You are agile. (Dex +2) [hidden potential]
 35757 | Snake:1  | Lost mutation: You have hidden genetic potential. [hidden
                  | potential expressed]
 35838 | Snake:1  | Lost mutation: You are partially covered in iridescent
                  | scales. (AC +2) [potion of mutation]
 35838 | Snake:1  | Lost mutation: You have a pair of large horns on your head.
                  | [potion of mutation]
 35838 | Snake:1  | Lost mutation: You are agile. (Dex +2) [potion of mutation]
 35838 | Snake:1  | Gained mutation: You are robust. (+10% HP) [potion of
                  | mutation]
 35838 | Snake:1  | Gained mutation: You are somewhat resistant to further
                  | mutation. [potion of mutation]
 35838 | Snake:1  | Lost mutation: You are robust. (+10% HP) [potion of
                  | mutation]
 35939 | Snake:1  | Lost mutation: You are somewhat resistant to further
                  | mutation. [potion of mutation]
 35939 | Snake:1  | Lost mutation: Your muscles are strong. (Str +2) [potion of
                  | mutation]
 35939 | Snake:1  | Gained mutation: You have hidden genetic defects. [potion
                  | of mutation]
 35939 | Snake:1  | Gained mutation: You are frail. (-10% HP) [potion of
                  | mutation]
 36040 | Snake:1  | Lost mutation: You have hidden genetic defects. [potion of
                  | mutation]
 36040 | Snake:1  | Lost mutation: You are frail. (-10% HP) [potion of
                  | mutation]
 36040 | Snake:1  | Gained mutation: You are partially covered in iridescent
                  | scales. (AC +2) [potion of mutation]
 36040 | Snake:1  | Gained mutation: You possess an exceptional clarity of
                  | mind. [potion of mutation]
 36252 | Snake:2  | Paralysed by a naga mage for 2 turns
 36299 | Snake:2  | Noticed Aizul
 36311 | Snake:2  | Received a gift from Trog
 36321 | Snake:2  | HP: 7/174 [poisoned by Aizul (poison arrow)]
 36324 | Snake:2  | Killed from afar by Aizul

Illustrated notes

Levels and vault maps discovered:
D:1:      roderic_lyre, layout_basic, ebering_ecumenical_altar_sacrificial
D:2:      layout_loops_ring
D:3:      layout_basic, grunt_gozag_statues, minmay_surrounded
D:4:      layout_loops_ring, cheibrodos_sewer_entry_bend
D:5:      layout_cave_pools, lemuel_tele_altar, temple_statues,
          ebering_ghost_disaster_area
D:6:      layout_cave_pods, xom_butterflies, slow_altar_2, kennysheep_mini,
          nicolae_specific_store, due_unseen_surprise, uniq_eustachio
D:7:      layout_loops_corners, fedhas_ov_isle_minmay, zin_angel,
          lemuel_coloured_pillars_altar, minivault_22,
          chequers_serial_rivers_micro_b
D:8:      layout_loops_corners, david_lair_shrubbed, serial_bayou,
          serial_bayou_lagoon_b, serial_bayou_pond_b, serial_bayou_crossing,
          serial_bayou_ford_a, enter_bailey_8
D:9:      layout_roguey, gammafunk_temple_overflow_statue
D:10:     minmay_cut_squares, layout_loops_corners, nicolae_ashenzari_skybound,
          orc_0_dummy, serial_shops, shop, minmay_fountain_box, kennysheep_nub,
          uniq_fannar
D:11:     layout_small_grid, ploomutoo_gammafunk_ghost_potion_laboratory,
          kennysheep_kite_vault, uniq_harold, uniq_snorg, uniq_grum
D:12:     layout_basic, serial_shops, shop, guppyfry_shop_blood
D:13:     layout_grid_maze
D:14:     layout_basic, grunt_vaults_entry_fortified, gauntlet_entry_generic,
          grunt_dithmenos_shadows, hangedman_decor_push, uniq_louise,
          uniq_josephine
D:15:     grunt_enter_depths_hoard, layout_loops_ring, uniq_kirke
Temple:   minmay_temple_curvy_loop
Lair:1:   layout_roguey, serial_bayou_shore_b, uniq_gastronok
Lair:2:   layout_cave_pods, elwin_shoals_entry_rocks,
          lightli_volcano_entry_magma_tube, chequers_serial_rivers_room_a,
          uniq_sonja, uniq_erica
Lair:3:   layout_gridlike, guppyfry_snake_entry_island
Lair:4:   layout_roguey
Lair:5:   layout_hall_layers, grunt_megastairs_1, infiniplex_staircase_pool_2,
          lemuel_fruit_tree, lemuel_fruit_fields
Lair:6:   grunt_lair_end_beastmaster, layout_cave_shapes, slime_altar_1,
          chequers_serial_rivers_room_a, grunt_megastairs_4
Snake:1:  layout_basic
Snake:2:  layout_grid_shapes, serial_bayou_pond_d, uniq_aizul
Orc:1:    layout_caves, nicolae_alphabet_shops
Orc:2:    st_orc_ogre_mass, layout_caves, serial_shops,
          nicolae_shop_hallway_stairs, uniq_rupert

Skill      XL: |  1  2  3  4  5  6  7  8  9 10 11 12 13 14 15 16 |
---------------+-------------------------------------------------+-----
Fighting       | 4 5 6 7 9 10 12 15 18 20 21 23 24 | 24.1
Axes           | 4 5 6 7 9 10 12 14 15 16 17 18 | 18.0
Armour         | 3 4 5 6 7 8 9 11 12 13 15 16 | 16.0
Dodging        | 3 4 5 6 7 9 10 11 12 14 | 14.8
Maces & Flails | 6 |  6.3

Action                   |  1- 3 |  4- 6 |  7- 9 | 10-12 | 13-15 | 16-18 || total
-------------------------+-------+-------+-------+-------+-------+-------++-------
Melee: Hand axe          |    10 |       |       |       |       |       ||    10
       War axe           |    70 |   134 |   192 |   411 |   732 |   219 ||  1758
       Headbutt          |     4 |    18 |    36 |    85 |   184 |    57 ||   384
       Punch             |     3 |       |     1 |     7 |    11 |     5 ||    27
       Halberd           |       |       |       |    18 |    10 |       ||    28
       Broad axe         |       |       |       |       |    27 |       ||    27
Invok: Berserk           |       |     1 |     5 |     6 |       |     1 ||    13
       Trog's Hand       |       |       |     1 |     1 |     1 |     2 ||     5
Evoke: Wand              |       |       |       |    11 |       |       ||    11
  Use: Scroll            |       |       |     1 |    14 |    24 |     8 ||    47
       Potion            |       |       |       |       |     1 |     5 ||     6
 Stab: Sleeping          |       |       |       |     5 |     2 |       ||     7
       Distracted        |       |       |       |       |     2 |     1 ||     3
       Petrified         |       |       |       |       |     2 |       ||     2
       Petrifying        |       |       |       |       |     1 |       ||     1
Armor: Animal skin       |     2 |       |       |       |       |       ||     2
       Chain mail        |    59 |    43 |       |       |       |       ||   102
       Plate armour      |       |    80 |   121 |       |       |       ||   201
       Acid dragon scale |       |       |       |   199 |   251 |    42 ||   492
Dodge: Dodged            |    39 |    63 |    87 |   287 |   481 |   128 ||  1085
Block: Kite shield       |       |       |       |    21 |       |       ||    21
